AoeStats
← xUnForSak3nz

Black Forest

510265423Analyzed
4v4 RM · 1d ago on Sep 30, 2026· 39m 52s· 8 players
Game mode
Random Map
Map size
Large (8 player)
Population
200
Speed
Normal
Resources
Standard
Victory
Conquest
Starting age
Dark Age
Ending age
Imperial Age
RankedLock teamsTeams togetherTeam positionsShared explorationLock speedFull tech treeHidden civsTurbo modeCheats
Victory
Defeat
🇮🇳 Goths · India
732
+13
🇸🇰 Britons · Slovakia
671
+15
🇩🇪 Saxons · Germany
646
+16
🇨🇱 Poles · Chile
623
+17
🇹🇼 Tupi · Taiwan
755
-20
🇨🇳 Ethiopians · China
632
-14
🇨🇳 Byzantines · China
630
-14
🇺🇸 Varangians · United States
597
-13
xUnForSak3nz
0:27 Loom
16:31 Feudal Age
17:54 Wheelbarrow
17:05 Town Watch
17:12 Double-Bit Axe
17:12 Horse Collar
17:26 Stone Mining
17:36 Gold Mining
22:18 Fletching
22:28 Padded Archer Armor
23:40 Scale Mail Armor
24:09 Forging
24:29 Scale Barding Armor
31:08 Castle Age
33:10 Hand Cart
32:56 Town Patrol
32:59 Heavy Plow
33:15 Bow Saw
33:58 Coinage
33:32 Caravan
aakdv
3:13 Loom
12:05 Feudal Age
13:01 Double-Bit Axe
17:34 Horse Collar
18:35 Wheelbarrow
20:30 Champi Runner
23:44 Castle Age
24:58 Bow Saw
24:49 Heavy Plow
24:40 Stone Mining
24:27 Champi Warrior
30:13 Gold Mining
34:11 Gold Shaft Mining
2824533090
11:10 Feudal Age
21:08 Man-at-Arms
31:13 Castle Age
31:56 Long Swordsman
32:42 Squires
hrxexF
1:54 Loom
12:39 Feudal Age
13:46 Double-Bit Axe
18:23 Castle Age
16:42 Fishing Lines
19:17 Bow Saw
18:48 Horse Collar
20:11 Wheelbarrow
26:14 Gold Mining
26:48 Gillnets
29:16 Hand Cart
30:29 Caravan
31:29 Heavy Plow
35:33 Imperial Age
32:50 Town Watch
32:29 Crossbowman
33:57 Fortified Wall
33:43 Murder Holes
33:59 Masonry
33:42 Fletching
36:01 Husbandry
36:52 Thumb Ring
36:08 Arbalester
urmel_oeb
0:29 Loom
13:35 Feudal Age
15:11 Double-Bit Axe
15:15 Town Watch
15:14 Horse Collar
22:12 Wheelbarrow
26:35 Castle Age
26:03 Stone Mining
26:27 Arson
26:09 Man-at-Arms
26:44 Gold Mining
26:48 Fletching
27:29 Gambesons
27:49 Heavy Plow
28:08 Bow Saw
28:52 Squires
28:54 Long Swordsman
30:45 Forging
32:09 Fortified Wall
36:52 Imperial Age
35:01 Scale Mail Armor
35:48 Gold Shaft Mining
35:55 Murder Holes
36:37 Chain Mail Armor
37:55 Conscription
37:21 Elite Hearth Troop
40:33 Two-Man Saw
40:21 Iron Casting
40:18 Plate Mail Armor
Mapuche Mayer
11:40 Feudal Age
12:54 Double-Bit Axe
15:40 Castle Age
13:59 Horse Collar
16:32 Heavy Plow
18:20 Wheelbarrow
23:43 Hand Cart
23:13 Loom
23:29 Stone Mining
23:30 Gold Mining
23:58 Bow Saw
26:17 Stone Shaft Mining
26:33 Town Watch
30:12 Imperial Age
27:29 Treadmill Crane
27:58 Scale Barding Armor
28:04 Forging
28:01 Town Patrol
29:31 Chain Barding Armor
29:19 Szlachta Privileges
29:34 Caravan
30:04 Coinage
29:05 Light Cavalry
29:55 Bloodlines
29:46 Husbandry
31:13 Lechitic Legacy
31:14 Conscription
31:56 Chemistry
31:03 Siege Engineers
30:21 Winged Hussar
31:42 Crop Rotation
30:47 Cavalier
34:07 Iron Casting
34:19 Fletching
34:51 Bombard Tower
34:52 Ballistics
36:28 Blast Furnace
37:01 Bodkin Arrow
39:17 Bracer
Fortis77
2:34 Loom
10:17 Feudal Age
11:16 Town Watch
17:55 Castle Age
16:56 Double-Bit Axe
18:12 Horse Collar
23:44 Crossbowman
26:31 Wheelbarrow
26:06 Heavy Plow
26:46 Bow Saw
27:52 Padded Archer Armor
27:42 Fletching
29:01 Gold Mining
29:03 Stone Mining
31:36 Forging
31:40 Town Patrol
32:52 Leather Archer Armor
32:33 Bodkin Arrow
36:14 Hand Cart
38:24 Gold Shaft Mining
40:02 Yeomen
chadengienjoyer
0:33 Loom
12:47 Feudal Age
13:15 Man-at-Arms
20:33 Castle Age
21:53 Long Swordsman
32:27 Wheelbarrow
32:08 Squires
32:00 Fishing Lines
32:15 Double-Bit Axe
34:38 Hand Cart
41:30 Imperial Age
Connection lost

Rejoining the realm…

Still unreachable

The connection could not be restored.

Session expired

The server has moved on; the page needs a fresh start.